 Dungeon Crawl Stone Soup version 0.24.0-2-g5b39cebb1c (webtiles) character file.

Game seed: 11231022923008138915, levelgen mode: deterministic

67 Mrkan the Ruffian (level 4, -2/44 HPs)
             Began as a Troll Monk on Oct 31, 2019.
             Slain by a worm (6 damage)
             ... while paralysed by Grinder
             ... on level 3 of the Dungeon.
             The game lasted 00:02:18 (1263 turns).

Mrkan the Ruffian (Troll Monk)                      Turns: 1263, Time: 00:02:18

Health: -2/44      AC:  6    Str: 19    XL:     4   Next: 0%
Magic:  3/3        EV:  1    Int:  7    God:
Gold:   112        SH:  0    Dex: 12    Spells: 3/3 levels left

rFire    . . .     SeeInvis .     - Unarmed
rCold    . . .     Gourm    +   (no shield)
rNeg     . . .     Faith    .   a - +0 robe
rPois    .         Spirit   .   (helmet restricted)
rElec    .         Reflect  .   (no cloak)
rCorr    .         Harm     .   (gloves unavailable)
MR       .....                  (boots unavailable)
Stlth    ++........             (no amulet)
HPRegen  0.54/turn              (no ring)
MPRegen  0.08/turn              (no ring)

@: paralysed, lethally poisoned (-2 -> -7)
A: large, unfitting armour, claws 3, fast metabolism 3, gourmand, regeneration
1, shaggy fur 1, tough skin 3
a: no special abilities


You were on level 3 of the Dungeon.
You were completely stuffed.

You visited 1 branch of the dungeon, and saw 3 of its levels.

You collected 112 gold pieces.

Inventory:

Armour
 a - a +0 robe (worn)
Jewellery
 c - a cursed ring of teleportation {unknown}
 d - an uncursed ring of protection from cold {unknown}
 h - an uncursed ring of fire {unknown}
Scrolls
 e - 3 scrolls of amnesia {unknown}
 g - a scroll of enchant armour {unknown}
 k - a scroll of identify {unknown}
Potions
 f - a potion of might {unknown}
 j - a potion of lignification {unknown}
Comestibles
 b - 2 rations
 i - 3 chunks of flesh


   Skills:
 - Level 2.4 Fighting
 - Level 2.4 Dodging
 - Level 1.0 Stealth
 * Level 4.9 Unarmed Combat


You had 3 spell levels left.
You didn't know any spells.
Your spell library was empty.

Dungeon Overview and Level Annotations

Branches:
Dungeon (3/15)

Altars:
Sif Muna
Zin

Annotations:
D:3 Grinder


Innate Abilities, Weirdness & Mutations

You are too large for most types of armour.
You have claws for hands.
Your metabolism is lightning-fast.
You like to eat raw meat.
Your natural rate of healing is unusually fast.
You are covered in fur. (AC +1)
You have extremely tough skin. (AC +3)


Message History

Grinder gestures at you. You resist with significant effort.
The worm bites you.
You scratch Grinder but do no damage.
Grinder is heavily wounded.
Grinder blinks!
The orc hits you with a +0 dagger of venom.
You are poisoned.
Grinder gestures at you.
You suddenly lose the ability to move!
You feel sick. The orc hits you but does no damage.
You are more poisoned.
You feel sick.
The orc hits you with a +0 dagger of venom.
* * * LOW HITPOINT WARNING * * *
You feel sick.
The orc hits you with a +0 dagger of venom.
* * * LOW HITPOINT WARNING * * *
You are lethally poisoned!
The worm bites you.
You die...

... . .>.
#.####.## #.#
.#.#.....# .#.#
.........##....
# #...........
#.#...........
.#.....wo......
...%..5@.##+###
......#<.....#
..###.#........
# #.#........
..#........ .
.....)...
#..#.....
.......#+
#.#.##.#


You could see Grinder, a worm and an orc.

Vanquished Creatures
  An adder (D:2)
  A gnoll (D:1)
  4 worms (D:2)
  2 dart slugs
  A leopard gecko (D:2)
  A giant cockroach (D:2)
  4 goblins
  3 hobgoblins
  2 jackals (D:1)
  2 ball pythons (D:2)
  6 bats
  2 frilled lizards
  4 rats
33 creatures vanquished.

Notes
Turn   | Place    | Note
-------+----------+-------------------------------------------
     0 | D:1      | Mrkan the Troll Monk began the quest for the Orb.
     0 | D:1      | Reached XP level 1. HP: 22/22 MP: 0/0
   130 | D:1      | Reached XP level 2. HP: 29/29 MP: 1/1
   206 | D:1      | Reached skill level 4 in Unarmed Combat
   759 | D:2      | Reached XP level 3. HP: 25/36 MP: 2/2
   781 | D:2      | Found a glowing silver altar of Zin.
   996 | D:2      | Found a shimmering blue altar of Sif Muna.
  1077 | D:2      | Reached XP level 4. HP: 40/44 MP: 3/3
  1248 | D:3      | Noticed Grinder
  1260 | D:3      | Paralysed by Grinder for 4 turns
  1263 | D:3      | Slain by a worm

Levels and vault maps discovered:
D:1:      eino_arrival_water_cross, layout_basic
D:2:      minmay_diamond_boxcup, layout_rooms, zin_treasury,
          kennysheep_nondescript, led_sif_pool
D:3:      layout_basic, chequers_ecumenical_altar_simple, uniq_grinder

Skill      XL: |  1  2 |
---------------+-------+-----
Unarmed Combat | 4 |  4.9
Fighting       | |  2.4
Dodging        | |  2.4
Stealth        | |  1.0

Action                   |  1- 3 |  4- 6 || total
-------------------------+-------+-------++-------
Melee: Unarmed           |    85 |     6 ||    91
       Punch             |     3 |       ||     3
 Stab: Sleeping          |     3 |       ||     3
  Eat: Chunk             |    15 |     2 ||    17
Armor: Robe              |    33 |     3 ||    36
Dodge: Dodged            |    54 |     1 ||    55
